 Dungeon Crawl Stone Soup version 0.21.1-1-g345015f (webtiles) character file.

47783 sanboga the Cleaver (level 14, -3/138 HPs)
             Began as a Gargoyle Berserker on Mar 27, 2018.
             Was a High Priest of Trog.
             Slain by Snorg (18 damage)
             ... on level 6 of the Lair of Beasts.
             The game lasted 00:38:06 (19343 turns).

sanboga the Cleaver (Gargoyle Berserker)           Turns: 19343, Time: 00:38:06

Health: -3/138     AC: 33    Str: 30    XL:     14   Next: 43%
Magic:  4/4        EV:  9    Int: 12    God:    Trog [*****.]
Gold:   1157       SH:  0    Dex:  9    Spells: 13/13 levels left

rFire    + . .     SeeInvis .   K - +3 executioner's axe (antimagic)
rCold    . . .     Gourm    .   (shield currently unavailable)
rNeg     + . .     Faith    .   r - +0 plate armour
rPois    ∞         Spirit   .   (no helmet)
rElec    +         Reflect  .   (no cloak)
rCorr    .         Harm     .   k - +2 pair of gloves {archery}
MR       ++...     Clarity  +   o - +2 pair of boots
Stlth    ..........             (no amulet)
HPRegen  0.33/turn              (no ring)
MPRegen  0.09/turn              w - ring of Gialluqo {MR+ Int+3}

@: berserking, flying, very quick
A: big wings, clarity, fire resistance 1, negative energy resistance 1,
electricity resistance, unbreathing, petrification resistance, rot immunity, AC
+10
a: Stop Flying, Berserk, Trog's Hand, Brothers in Arms, Burn Spellbooks,
Renounce Religion


You were on level 6 of the Lair of Beasts.
You worshipped Trog.
Trog was extremely pleased with you.
You were near starving.

You visited 4 branches of the dungeon, and saw 19 of its levels.

You collected 1245 gold pieces.
You spent 88 gold pieces at shops.

Inventory:

Hand Weapons
 e - a +5 antimagic battleaxe
 K - a +3 antimagic executioner's axe (weapon)
Missiles
 n - 9 javelins (quivered)
 p - 14 tomahawks
 F - 8 javelins of returning
 H - 5 tomahawks of dispersal
 J - 5 steel javelins
Armour
 k - a +2 pair of gloves of archery (worn)
 o - a +2 pair of boots (worn)
 r - a +0 plate armour (worn)
Jewellery
 w - the ring of Gialluqo (right hand) {MR+ Int+3}
   (You found it on level 1 of the Lair of Beasts)

   [ring of protection from magic]

   It affects your intelligence (+3).
   It affects your resistance to hostile enchantments.
Wands
 a - a wand of flame (81)
 t - a wand of clouds (6)
 y - a wand of acid (21)
 A - a wand of enslavement (9)
 D - a wand of disintegration (26)
 G - a wand of digging (8)
 I - a wand of iceblast (5)
 O - a wand of random effects (24)
Scrolls
 b - 2 scrolls of enchant weapon
 d - 6 scrolls of remove curse
 f - 2 scrolls of magic mapping
 g - 13 scrolls of teleportation
 j - 4 scrolls of fear
 m - 6 scrolls of identify
 x - a scroll of blinking
 C - 4 scrolls of fog
 E - a scroll of enchant armour
 L - a scroll of silence
Potions
 i - a potion of ambrosia
 l - 4 potions of curing
 q - 2 potions of mutation
 v - 2 potions of lignification
 B - 2 potions of haste
 M - a potion of flight
Books
 s - a book of Maledictions

   Spells                             Type                      Level
   a - Corona                         Hexes                        1
   b - Ensorcelled Hibernation        Hexes/Ice                    2
   c - Confuse                        Hexes                        3
   d - Tukima's Dance                 Hexes                        3
   e - Dazzling Spray                 Conjuration/Hexes            3
   Trog disapproves of the use of such an item.
Miscellaneous
 z - a box of beasts
Comestibles
 c - 28 rations


   Skills:
 + Level 12.6 Fighting
 * Level 14.4 Axes
 + Level 9.7 Throwing
 + Level 12.4 Armour
 - Level 1.5 Dodging


You had 13 spell levels left.
You didn't know any spells.

Dungeon Overview and Level Annotations

Branches:
Dungeon (11/15)            Temple (1/1) D:4            Lair (6/6) D:9
  Swamp (0/4) Lair:3       Spider (1/4) Lair:4          Orc (0/2) D:11
  Slime: Lair:5-6

Altars:
Ashenzari
Cheibriados
Dithmenos
Elyvilon
Fedhas
Hepliaklqana
Kikubaaqudgha
Makhleb
Nemelex Xobeh
Okawaru
Ru
Trog
Uskayaw
Wu Jian
Xom
Yredelemnul
Zin
Lugonu

Shops:
D:6 ?

Portals:
Trove: D:11 (give 5 potions of resistance)

Annotations:
Lair:6 Snorg


Innate Abilities, Weirdness & Mutations

You are resistant to torment.
Your stone body is resilient. (AC +10)
You are immune to poison.
Your large and strong wings let you fly indefinitely.
You resist negative energy. (rN+)
You are resistant to electric shocks. (rElec)
You can survive without breathing.
You are immune to petrification.
You are immune to rotting.
You possess an exceptional clarity of mind.
Your flesh is heat resistant. (rF+)


Message History

You closely miss Snorg.
Snorg is heavily wounded.
Snorg barely misses you. Snorg claws you but does no damage. x2
You closely miss Snorg.
Snorg is heavily wounded.
Snorg bites you!
* * * LOW HITPOINT WARNING * * *
Snorg claws you but does no damage. Snorg completely misses you.
Snorg bites you!!
* * * LOW HITPOINT WARNING * * *
Snorg claws you.
* * * LOW HITPOINT WARNING * * *
Snorg barely misses you.
You slash Snorg!
Snorg is heavily wounded.
Snorg barely misses you. Snorg misses you. Snorg claws you but does no damage.
You slice Snorg!!
Snorg is severely wounded.
Snorg bites you!!
You die...

♣....♣♣ ♣..
♣...♣♣♣ ...♣
♣♣.♣..♣♣♣♣
♣♣♣♣...♣
♣♣..♣♣♣...♣♣♣....♣
♣♣..♣♣ ♣♣..÷....♣
♣♣..♣♣ ♣♣.♣♣.♣♣♣
♣..♣♣♣
♣♣♣♣♣'########
..♣..♣ ♣#........
..♣♣..♣ #@)8.8...
.♣♣ ♣.♣ #T..#.8..
♣♣ ..♣ #..#.8... ♣
..♣ #...8.#.. ..♣
#..8.#.. ♣♣
#...8.8..
#........ ########


You could see Snorg (berserk).

Vanquished Creatures
  A dire elephant (Lair:6)
  2 hydras
  Erica (D:8)
  3 two-headed ogres
  5 death yaks (Lair:3)
  The ghost of Arya the Cruncher, a novice DsBe of Trog (D:9)
  A wizard (Lair:6)
  Pikel (D:5)
  2 ugly things (D:11)
  The ghost of MollyMolluskus the Covert, a novice OpFi (D:6)
  A manticore (D:11)
  A centaur zombie (D:11)
  3 black mambas
  10 spiny frogs
  A centaur skeleton (D:10)
  2 elephants
  A rime drake (Lair:2)
  4 komodo dragons
  A troll (D:8)
  The ghost of Captinkiss the Magician, a novice DEWz of Sif Muna (D:5)
  2 jumping spiders (Lair:4)
  3 polar bears
  A tyrant leech (Lair:3)
  A hornet (D:9)
  34 blink frogs
  The ghost of VictoriousLee the Slasher, an amateur TeAK of Lugonu (D:4)
  Sigmund (D:6)
  8 hippogriffs
  57 yaks
  3 basilisks
  4 wyverns
  A steam dragon (D:6)
  Edmund (D:6)
  11 water moccasins
  A hell hound (Lair:6)
  8 porcupines
  Duvessa (D:5)
  8 ice beasts
  4 orc warriors
  4 slaves (D:5)
  4 black bears
  2 sky beasts
  8 ogres
  9 wolves
  9 centaurs
  11 crocodiles
  13 bullfrogs
  A gnoll sergeant (D:8)
  Dowan (D:5)
  6 scorpions
  The ghost of sdsc42 the Chopper, a weakling DrBe of Trog (D:3)
  3 killer bees (D:8)
  15 wights
  5 electric eels
  A howler monkey (D:6)
  6 crimson imps
  A quasit (D:9)
  9 orc priests
  A bullfrog zombie (D:11)
  3 hounds
  3 jellies
  A bullfrog skeleton (D:11)
  An iguana (D:10)
  14 orc wizards
  Natasha (thrice) (D:3)
  9 worker ants
  A killer bee zombie (D:7)
  A hound skeleton (D:6)
  A hound zombie (D:8)
  A howler monkey zombie (D:11)
  12 gnolls
  A howler monkey skeleton (D:5)
  A worker ant zombie (D:11)
  6 adders
  3 shadow imps
  2 oozes
  A dart slug (D:2)
  2 worms
  4 leopard geckos
  45 orcs
  2 bats (D:2)
  5 giant cockroaches
  3 goblins
  7 hobgoblins
  8 jackals
  6 quokkas
  2 ball pythons
  2 frilled lizards
  9 kobolds
  A quokka zombie (D:9)
  5 rats (D:2)
  A spectral orc (D:2)
  15 fungi
  A plant (D:9)
485 creatures vanquished.

Vanquished Creatures (collateral kills)
  A hydra (Lair:6)
  A water moccasin (Lair:6)
2 creatures vanquished.

Vanquished Creatures (others)
  13 fungi
  A plant (Lair:1)
14 creatures vanquished.

Grand Total: 501 creatures vanquished

Notes
Turn   | Place    | Note
-------+----------+-------------------------------------------
     0 | D:1      | sanboga the Gargoyle Berserker began the quest for the Orb.
     0 | D:1      | Reached XP level 1. HP: 14/14 MP: 1/1
   273 | D:1      | Reached XP level 2. HP: 19/19 MP: 2/2
   383 | D:1      | Reached skill level 3 in Axes
   571 | D:1      | Gained mutation: Your flesh is heat resistant. (rF+) [potion of mutation]
   571 | D:1      | Gained mutation: You possess an exceptional clarity of mind. [potion of mutation]
   734 | D:2      | Found a sparkling altar of Nemelex Xobeh.
   822 | D:2      | Reached XP level 3. HP: 23/23 MP: 3/3
   875 | D:2      | Found a sparkling altar of Nemelex Xobeh.
  1007 | D:2      | Reached XP level 4. HP: 29/29 MP: 4/4
  1321 | D:2      | Reached ** piety under Trog
  1405 | D:2      | Found a basalt altar of Yredelemnul.
  1745 | D:3      | Noticed Natasha
  1748 | D:3      | Reached skill level 4 in Axes
  1748 | D:3      | Reached XP level 5. HP: 23/33 MP: 5/5
  1852 | D:3      | Killed Natasha
  2087 | D:3      | Noticed Natasha
  2089 | D:3      | Noticed sdsc42's ghost (weakling DrBe)
  2103 | D:3      | Killed Natasha
  2118 | D:3      | Killed sdsc42's ghost
  2118 | D:3      | Reached XP level 6. HP: 20/39 MP: 6/6
  2329 | D:3      | Found a glowing silver altar of Zin.
  2402 | D:3      | Noticed Natasha
  2414 | D:3      | Killed Natasha
  2459 | D:3      | Found a hazy altar of Hepliaklqana.
  2607 | D:4      | Noticed VictoriousLee's ghost (amateur TeAK)
  2620 | D:4      | Killed VictoriousLee's ghost
  2620 | D:4      | Reached skill level 5 in Fighting
  2620 | D:4      | Reached skill level 5 in Axes
  2739 | D:4      | Reached XP level 7. HP: 33/44 MP: 7/7
  2850 | D:4      | Found a staircase to the Ecumenical Temple.
  3146 | D:4      | Found a shadowy altar of Dithmenos.
  3252 | D:4      | Found a sacrificial altar of Ru.
  3414 | Temple   | Entered the Ecumenical Temple
  3465 | D:5      | Entered Level 5 of the Dungeon
  3486 | D:5      | Reached skill level 6 in Axes
  3486 | D:5      | Reached skill level 5 in Armour
  3707 | D:5      | Reached XP level 8. HP: 42/51 MP: 8/8
  3926 | D:5      | Noticed Pikel
  3945 | D:5      | Killed Pikel
  3945 | D:5      | Reached skill level 7 in Axes
  3945 | D:5      | Reached skill level 1 in Throwing
  4138 | D:5      | Found an iron altar of Okawaru.
  4191 | D:5      | Noticed Captinkiss's ghost (novice DEWz)
  4369 | D:5      | Killed Captinkiss's ghost
  4369 | D:5      | Reached *** piety under Trog
  4620 | D:5      | Found a burning altar of Makhleb.
  4620 | D:5      | Noticed a green death
  4738 | D:5      | Noticed Duvessa
  4743 | D:5      | Noticed Dowan
  4755 | D:5      | Killed Duvessa
  4755 | D:5      | Reached XP level 9. HP: 56/56 MP: 9/9
  4761 | D:5      | Killed Dowan
  5193 | D:5      | Reached skill level 8 in Axes
  5298 | D:6      | Found an iron altar of Okawaru.
  5315 | D:6      | Noticed Edmund
  5342 | D:6      | Killed Edmund
  5856 | D:6      | Noticed MollyMolluskus's ghost (novice OpFi)
  5871 | D:6      | Killed MollyMolluskus's ghost
  5891 | D:6      | Found Afer's Magic Scroll Shoppe.
  5939 | D:6      | Reached **** piety under Trog
  6046 | D:6      | Found a transporter.
  6062 | D:6      | Found a transporter.
  6105 | D:6      | Reached XP level 10. HP: 56/64 MP: 10/10
  6129 | D:6      | Reached skill level 9 in Axes
  6185 | D:6      | Bought a scroll of identify for 22 gold pieces
  6185 | D:6      | Bought a scroll of identify for 22 gold pieces
  6187 | D:6      | Bought a scroll of identify for 22 gold pieces
  6311 | D:6      | Noticed Sigmund
  6324 | D:6      | Killed Sigmund
  6646 | D:6      | Bought a scroll of identify for 22 gold pieces
  6706 | D:7      | Found a white marble altar of Elyvilon.
  6839 | D:7      | Found a snail-covered altar of Cheibriados.
  6983 | D:7      | Reached ***** piety under Trog
  7463 | D:8      | Reached skill level 5 in Throwing
  7650 | D:8      | Noticed Erica
  7660 | D:8      | Reached skill level 10 in Axes
  7664 | D:8      | Killed Erica
  7802 | D:8      | Reached XP level 11. HP: 69/71 MP: 11/11
  7986 | D:8      | Found a sacrificial altar of Ru.
  7988 | D:8      | Found a burning altar of Makhleb.
  7988 | D:8      | Found a shimmering altar of Xom.
  7990 | D:8      | Found a basalt altar of Yredelemnul.
  7990 | D:8      | Found a blossoming altar of Fedhas.
  7990 | D:8      | Found a blossoming altar of Fedhas.
  8450 | D:9      | Noticed Arya's ghost (novice DsBe)
  8609 | D:9      | Killed Arya's ghost
  8626 | D:9      | Found a bloodstained altar of Trog.
  8626 | D:9      | Found an ornate altar of the Wu Jian Council.
  8639 | D:9      | Found a staircase to the Lair.
  8693 | D:9      | HP: 3/71 [centaur/arrow (6)]
  8706 | Lair:1   | Entered Level 1 of the Lair of Beasts
  9047 | D:9      | Noticed a two-headed ogre
  9056 | D:9      | Killed a two-headed ogre
  9056 | D:9      | Reached skill level 11 in Axes
  9340 | D:9      | Received a gift from Trog
  9657 | D:9      | Got a scorched war axe
  9658 | D:9      | Identified the cursed +1 war axe "Imam" {elec, rPois MR+} (You found it on level 9 of the Dungeon)
  9767 | D:10     | Entered Level 10 of the Dungeon
  9839 | D:10     | Noticed a two-headed ogre
  9841 | D:10     | Noticed a two-headed ogre
  9853 | D:10     | Killed a two-headed ogre
  9853 | D:10     | Reached skill level 10 in Fighting
  9909 | D:10     | Killed a two-headed ogre
 10284 | D:10     | Reached XP level 12. HP: 77/77 MP: 12/12
 10900 | D:11     | Found a portal to a secret trove of treasure.
 10953 | D:11     | Received a gift from Trog
 10959 | D:11     | Reached skill level 10 in Armour
 11468 | D:11     | Found a staircase to the Orcish Mines.
 11610 | D:11     | Reached skill level 12 in Axes
 11831 | D:11     | Noticed a five-headed hydra
 11841 | D:11     | Killed an eight-headed hydra
 12243 | Lair:1   | Got a scintillating bone ring
 12245 | Lair:1   | Identified the ring of Gialluqo {MR+ Int+3} (You found it on level 1 of the Lair of Beasts)
 13658 | Lair:2   | Received a gift from Trog
 13857 | Lair:2   | Reached XP level 13. HP: 84/84 MP: 4/13
 14143 | Lair:2   | Received a gift from Trog
 14150 | Lair:2   | Reached skill level 13 in Axes
 15132 | Lair:3   | Found a staircase to the Swamp.
 15992 | Lair:4   | Found a hole to the Spider Nest.
 16494 | Spider:1 | Entered Level 1 of the Spider Nest
 16932 | Lair:5   | Found an iron altar of Okawaru.
 17443 | Lair:6   | Entered Level 6 of the Lair of Beasts
 17477 | Lair:6   | Received a gift from Trog
 17724 | Lair:6   | Gained mutation: Your large and strong wings let you fly indefinitely. [Gargoyle growth]
 17724 | Lair:6   | Reached XP level 14. HP: 80/92 MP: 4/14
 17785 | Lair:6   | Reached skill level 14 in Axes
 18566 | Lair:6   | Noticed a dire elephant
 18582 | Lair:6   | Killed a dire elephant
 19327 | Lair:6   | Noticed Snorg
 19343 | Lair:6   | Slain by Snorg

Skill      XL: |  1  2  3  4  5  6  7  8  9 10 11 12 13 14 |
---------------+-------------------------------------------+-----
Axes           | 3 4 5 6 7 8 10 11 12 13 14 | 14.4
Armour         | 3 4 5 6 7 8 9 10 11 12 | 12.4
Fighting       | 4 5 6 7 9 10 11 12 | 12.6
Throwing       | 2 4 5 6 8 9 |  9.7
Dodging        | |  1.5

Action                   |  1- 3 |  4- 6 |  7- 9 | 10-12 | 13-15 || total
-------------------------+-------+-------+-------+-------+-------++-------
Melee: Hand axe          |    60 |   176 |   417 |       |       ||   653
       War axe           |       |       |    55 |   494 |       ||   549
       Battleaxe         |       |       |       |   208 |   346 ||   554
       Executioner's axe |       |       |       |       |   109 ||   109
Throw: Javelin           |       |       |       |    11 |    14 ||    25
Invok: Berserk           |     1 |     2 |     3 |     2 |     4 ||    12
       Burn Spellbooks   |       |       |       |     2 |       ||     2
       Brothers in Arms  |       |       |       |       |     2 ||     2
 Abil: Evoke Flight      |       |       |       |     1 |       ||     1
       Fly               |       |       |       |       |     1 ||     1
Evoke: Wand              |       |       |       |     1 |       ||     1
  Use: Potion            |     3 |     1 |     1 |     2 |     3 ||    10
       Scroll            |     2 |     7 |     3 |    11 |     2 ||    25
  Eat: Chunk             |     1 |     8 |    14 |    27 |    14 ||    64
       Ration            |       |       |       |       |     2 ||     2
Armor: Animal skin       |    12 |       |       |       |       ||    12
       Chain mail        |     9 |   141 |   322 |   427 |       ||   899
       Skin              |     1 |       |       |       |       ||     1
       Plate armour      |       |       |       |   280 |   625 ||   905
Dodge: Dodged            |    37 |    60 |   170 |   379 |   316 ||   962
